 Dungeon Crawl Stone Soup version 0.30-a0-1116-gebefce21f7 (webtiles) character file.

Game seed: 8568329032633724067

19572 ragingrage the Slicer (level 12, -3/93 HPs)
             Began as a Demonspawn Enchanter on Apr 21, 2023.
             Was a Believer of Nemelex Xobeh.
             Slain by a demonic crawler (11 damage)
             ... on level 2 of the Lair of Beasts.
             The game lasted 00:31:50 (15243 turns).

ragingrage the Slicer (Demonspawn Enchanter)       Turns: 15243, Time: 00:31:50

Health: -3/93      AC: 13    Str: 10    XL:     12   Next: 37%
Magic:  9/18       EV: 13    Int: 18    God:    Nemelex Xobeh [**....]
Gold:   531        SH:  0    Dex: 16    Spells: 5/19 levels left

rFire   x . .      SeeInvis .    b - +2 short sword (drain)
rCold   + . .      Faith    .    (no shield)
rNeg    . . .      Spirit   .    W - +0 troll leather armour
rPois   .          Reflect  .    o - +0 helmet
rElec   .          Rampage  .    (no cloak)
rCorr   .                        y - +0 pair of gloves
Will    .....                    (no boots)
Stlth   +++                      (no amulet)
HPRegen 1.15/turn                g - +4 ring of protection
MPRegen 0.16/turn                G - ring of ice

@: confusing by touch, about to teleport, wereblooded, freezing walls, very
slightly contaminated
A: rugged brown scales 2, powered by pain 2, demonic magic 2, weakness stinger 2
a: Renounce Religion, Draw Escape, Draw Destruction, Draw Summoning


You were on level 2 of the Lair of Beasts.
You worshipped Nemelex Xobeh.
Nemelex Xobeh was pleased with you.
You visited 3 branches of the dungeon, and saw 13 of its levels.
You also visited: Sewer and Ossuary.

You collected 570 gold pieces.
You spent 39 gold pieces at shops.

Inventory:

Hand Weapons
 a - a +2 dagger of venom
 b - a +2 short sword of draining (weapon)
 t - a +4 scimitar of flaming
 M - a +1 dagger of speed
 T - a +4 dagger
Missiles
 n - 23 poisoned darts
 N - a curare-tipped dart
 U - a throwing net
Armour
 o - a +0 helmet (worn)
 y - a +0 pair of gloves (worn)
 W - a +0 troll leather armour (worn)
Jewellery
 g - a +4 ring of protection (left hand)
 x - a ring of protection from fire
 G - a ring of ice (right hand)
 Q - a ring of fire
 S - a ring of willpower
 X - a ring of positive energy
Wands
 l - a wand of flame (38)
 u - a wand of charming (11)
 F - a wand of polymorph (9)
 H - a wand of mindburst (26)
Scrolls
 d - 3 scrolls of fog
 e - a scroll of enchant weapon {unknown}
 h - 9 scrolls of identify {unknown}
 i - 3 scrolls of amnesia
 j - a scroll of magic mapping
 q - 5 scrolls of teleportation
 w - a scroll of silence {unknown}
 z - 4 scrolls of vulnerability {unknown}
 C - 2 scrolls of noise {unknown}
 I - 2 scrolls of fear {unknown}
 K - a scroll of blinking {unknown}
 L - 3 scrolls of poison {unknown}
 R - a scroll of torment {unknown}
Potions
 c - 2 potions of invisibility
 f - 4 potions of brilliance {unknown}
 k - 2 potions of might
 m - 8 potions of ambrosia {unknown}
 p - 2 potions of heal wounds {unknown}
 r - 6 potions of flight {unknown}
 s - 7 potions of curing
 v - 2 potions of attraction {unknown}
 A - 3 potions of magic {unknown}
 B - 3 potions of resistance {unknown}
 D - 2 potions of haste {unknown}
 E - 3 potions of degeneration {unknown}
 J - 2 potions of lignification
 V - a potion of cancellation {unknown}
Miscellaneous
 O - a lightning rod (inert)
 P - a phantom mirror


   Skills:
 + Level 6.4 Fighting
 - Level 10.0 Short Blades
 - Level 4.0 Armour
 - Level 5.0 Dodging
 - Level 5.0 Stealth
 - Level 4.0 Spellcasting
 - Level 7.0 Hexes
 - Level 4.0 Transmutations
 - Level 8.0 Ice Magic
 + Level 7.3 Invocations
 - Level 5.0 Evocations


You had 5 spell levels left.
You knew the following spells:

 Your Spells              Type           Power      Damage    Failure   Level
a - Freeze                Ice            100%       1d10      1%          1
b - Confusing Touch       Hex            28%        N/A       3%          3
c - Ensorcelled Hibernat  Hex/Ice        90%        N/A       1%          2
d - Frozen Ramparts       Ice            96%        1d15      2%          3
e - Tukima's Dance        Hex            28%        N/A       3%          3
f - Wereblood             Tmut           18%        N/A       5%          2

Your spell library contained the following spells:

 Spells                   Type           Power      Damage    Failure   Level
 Beastly Appendage        Tmut           36%        N/A       3%          1
 Hailstorm                Conj/Ice       27%        3d7       11%         3
 Dazzling Flash           Conj/Hex       32%        N/A       14%         3
 Portal Projectile        Hex/Tloc       32%        N/A       14%         3
 Necrotise                Necr           12%        1d4       19%         1
 Spider Form              Tmut/Pois      10%        N/A       26%         3
 Cigotuvi's Dreadful Rot  Necr/Pois/Air  6%         N/A       28%         2
 Anguish                  Hex/Necr       8%         N/A       41%         4
 Leda's Liquefaction      Hex/Erth       8%         N/A       41%         4
 Call Canine Familiar     Summ           3%         N/A       50%         3
 Vampiric Draining        Necr           3%         2d6       50%         3
 Dispel Undead            Necr           3%         3d7       88%         4
 Manifold Assault         Tloc           3%         N/A       88%         4
 Summon Lightning Spire   Summ/Air       3%         N/A       88%         4
 Agony                    Necr           3%         N/A       99%         5
 Fireball                 Conj/Fire      1%         3d3       99%         5
 Iskenderun's Battlesphe  Conj           3%         2d6       99%         5
 Conjure Ball Lightning   Conj/Air       1%         3x3d6     100%        6
 Death Channel            Necr           1%         N/A       100%        6
 Dispersal                Tloc           1%         N/A       100%        6
 Orb of Destruction       Conj           1%         9d5       100%        7
 Storm Form               Tmut/Air       5%         N/A       100%        7
 Disjunction              Tloc           1%         N/A       100%        8
 Maxwell's Capacitive Co  Air            1%         ∞         100%        8


Dungeon Overview and Level Annotations

Branches:
Dungeon (10/15)            Temple (1/1) D:7            Lair (2/5) D:8
 Spider (0/4) Lair:2        Sewer (visited)         Ossuary (visited)
  Swamp: Lair:2-3    Shoals: Lair:2-3       Orc: D:9-12

Altars:
Ashenzari
Cheibriados
Dithmenos
Fedhas
Gozag
Hepliaklqana
Makhleb
Nemelex Xobeh
Okawaru
Qazlal
Ru
Sif Muna
Trog
Uskayaw
Vehumet
Wu Jian
Xom
Yredelemnul

Shops:
D:9 *

Annotations:
D:3 Robin


Innate Abilities, Weirdness & Mutations

You are mostly covered in rugged brown scales. (AC +2, +5% HP)
You sometimes gain power by taking damage.
Spells you cast may paralyse nearby enemies.
You have a tail ending in a sharp stinger.


Message History

You are very lightly contaminated with residual magic.
Nothing appears to happen.
You feel sick.
You are no longer poisoned.
The wall freezes the demonic crawler.
The demonic crawler barely misses you. x2
The demonic crawler hits you.
The wall freezes the scorpion but does no damage.
The scorpion stings you but does no damage.
A worm comes into view.
Casting: Wereblood (safe; 5% risk of failure)
Your hands begin to glow red.
Malevolent energies surge around you.
The scorpion suddenly stops moving!
The scorpion is no longer paralysed.
The wall freezes the demonic crawler!
The demonic crawler hits you. The demonic crawler barely misses you.
The demonic crawler hits you!
* * * LOW HITPOINT WARNING * * *
The scorpion closely misses you.
The wall freezes the scorpion.
You hit the demonic crawler but do no damage.
The wall freezes the demonic crawler but does no damage.
The demonic crawler hits you!
* * * LOW HITPOINT WARNING * * *
The demonic crawler hits you.
* * * LOW HITPOINT WARNING * * *
The demonic crawler hits you.
* * * LOW HITPOINT WARNING * * *
The wall freezes the scorpion!
You feel a bit better.
You kill the scorpion!
The scorpion barely misses you.
The wall freezes the worm!
Okay, then.
It was a potion of curing.
You feel better.
The wall freezes the demonic crawler.
The demonic crawler hits you but does no damage.
The demonic crawler closely misses you. The demonic crawler hits you!
* * * LOW HITPOINT WARNING * * *
The scorpion stings you but does no damage.
Unknown command.
As you read the scroll of teleportation, it crumbles to dust.
You feel strangely unstable.
The wall freezes the demonic crawler.
The demonic crawler barely misses you. The demonic crawler closely misses you.
The demonic crawler hits you!
You die...
Your body disappears without a glow.

####..###.....#..##..#.
.###..###..............#
........................
........................
...+##..................
......##.#..#...........
.....##.....#...........
......#......#P.........
..⌠..##.....###.@s.....#
.....#..⌠..## ##.s†##.##
.....#......# .w##.#
..⌠.......### .... ..
.........#.# #..... >..
..>..⌠...#.# ....... .#
...........###...##s .
..⌠...##...####+.#
.....#........


You could see a demonic crawler, a worm and a scorpion (drained).

Vanquished Creatures
  A hydra (Lair:1)
  Erica (D:8)
  A two-headed ogre (D:10)
  Amaemon (D:9)
  2 black mambas
  A gargoyle (D:8)
  An orange demon (D:9)
  Joseph (D:8)
  2 cane toads (Lair:1)
  3 centaur skeletons (D:7)
  Maggie (D:6)
  2 komodo dragons
  A redback zombie (D:7)
  2 hellwings (D:7)
  2 trolls (D:10)
  Grinder (D:5)
  A hornet (D:8)
  Prince Ribbit (D:8)
  Sigmund (D:6)
  A shadow (D:9)
  A wyvern (D:9)
  19 yaks
  A basilisk (Lair:1)
  Grum (Lair:1)
  Edmund (D:5)
  9 water moccasins
  Duvessa (D:5)
  An acid dragon (D:10)
  A sky beast (D:5)
  4 orc warriors
  2 ice beasts
  4 black bears
  A centaur (D:7)
  An ogre (D:5)
  8 wolves (Lair:1)
  4 lemures (D:6)
  A kobold brigand (D:8)
  4 elf zombies (Ossuary)
  6 bullfrogs
  A gnoll sergeant (D:5)
  10 scorpions
  13 wights
  Dowan (D:5)
  4 killer bees
  5 howler monkeys
  A human zombie (Ossuary)
  A gnoll bouda (D:6)
  4 centaur zombies
  3 jellies
  3 hounds
  6 orc priests
  A sleepcap (D:5)
  8 orc wizards
  Ijyb (D:3)
  A hell rat (Sewer)
  6 iguanas
  2 mummies (Ossuary)
  12 gnolls
  5 adders
  A river rat (Sewer)
  5 shadow imps
  4 white imps
  An ufetubus (D:5)
  An adder zombie (Ossuary)
  3 worms
  2 dart slugs (D:1)
  41 orcs
  8 ball pythons
  10 endoplasms
  3 giant cockroaches
  4 goblins
  8 hobgoblins
  8 jackals
  28 kobolds
  3 quokkas
  3 bats
  12 hobgoblin zombies (Ossuary)
  A jackal zombie (Ossuary)
  7 kobold zombies (Ossuary)
  8 orc zombies (Ossuary)
  7 rats
  2 rat zombies (Ossuary)
355 creatures vanquished.

Vanquished Creatures (collateral kills)
  Pikel (D:6)
  An orc wizard (D:10)
2 creatures vanquished.

Vanquished Creatures (others)
  7 dancing weapons
  48 fungi
  56 plants
  10 withered plants (D:7)
121 creatures vanquished.

Grand Total: 478 creatures vanquished

Notes
Turn   | Place    | Note
-------+----------+-------------------------------------------
     0 | D:1      | ragingrage the Demonspawn Enchanter began the quest for the
                  | Orb.
     0 | D:1      | Reached XP level 1. HP: 13/13 MP: 3/3
    11 | D:1      | Reached skill level 1 in Short Blades
   104 | D:1      | Gained mutation: You are partially covered in rugged brown
                  | scales. (AC +1, +3% HP) [demonic ancestry]
   104 | D:1      | Reached XP level 2. HP: 12/19 MP: 5/5
   107 | D:1      | Reached skill level 2 in Short Blades
   434 | D:1      | Learned a level 2 spell: Ensorcelled Hibernation
  1163 | D:2      | Gained mutation: Spells you cast may paralyse adjacent
                  | enemies. [demonic ancestry]
  1163 | D:2      | Reached XP level 3. HP: 24/24 MP: 6/6
  1226 | D:2      | Learned a level 3 spell: Confusing Touch
  1342 | D:2      | Found a faded altar of an unknown god.
  1818 | D:2      | Reached skill level 1 in Ice Magic
  1992 | D:3      | Gained mutation: You have a small tail. [demonic ancestry]
  1992 | D:3      | Reached XP level 4. HP: 26/30 MP: 1/7
  2095 | D:3      | Learned a level 1 spell: Freeze
  2131 | D:3      | Found a broken altar of Ashenzari.
  2268 | D:3      | Found a shadowy altar of Dithmenos.
  2284 | D:3      | Gained mutation: You are mostly covered in rugged brown
                  | scales. (AC +2, +5% HP) [demonic ancestry]
  2284 | D:3      | Reached XP level 5. HP: 30/36 MP: 6/8
  2736 | D:3      | Noticed Robin
  2737 | D:3      | Noticed Ijyb
  2764 | D:3      | Killed Ijyb
  2824 | D:4      | Found a blossoming altar of Fedhas.
  3037 | D:4      | Reached XP level 6. HP: 43/43 MP: 7/10
  3071 | D:4      | Learned a level 3 spell: Frozen Ramparts
  3131 | D:4      | Found a glowing drain.
  3146 | Sewer    | Entered a sewer
  4246 | D:5      | Entered Level 5 of the Dungeon
  4253 | D:5      | Noticed Edmund
  4253 | D:5      | Noticed Duvessa
  4253 | D:5      | Noticed Dowan
  4264 | D:5      | Killed Edmund
  4265 | D:5      | Reached skill level 5 in Ice Magic
  4265 | D:5      | Reached skill level 3 in Short Blades
  4265 | D:5      | Reached XP level 7. HP: 48/48 MP: 7/11
  4270 | D:5      | Killed Duvessa
  4365 | D:5      | Killed Dowan
  4535 | D:5      | Reached skill level 4 in Short Blades
  4545 | D:5      | Reached skill level 1 in Armour
  4691 | D:5      | Gained mutation: You have a tail ending in a sharp stinger.
                  | [demonic ancestry]
  4691 | D:5      | Reached XP level 8. HP: 54/54 MP: 5/12
  4761 | D:5      | Noticed Grinder
  4778 | D:5      | Killed Grinder
  4779 | D:5      | Reached skill level 5 in Short Blades
  4924 | D:5      | Found an ornate altar of the Wu Jian Council.
  5138 | D:5      | Learned a level 3 spell: Tukima's Dance
  5674 | D:5      | Reached skill level 6 in Short Blades
  6136 | D:5      | Gained mutation: Spells you cast may paralyse nearby
                  | enemies. [demonic ancestry]
  6136 | D:5      | Reached XP level 9. HP: 59/59 MP: 9/13
  6223 | D:6      | Learned a level 2 spell: Wereblood
  6370 | D:6      | Reached skill level 1 in Transmutations
  6554 | D:6      | Reached skill level 7 in Short Blades
  6900 | D:6      | Noticed Sigmund
  6906 | D:6      | Killed Sigmund
  7206 | D:6      | Noticed Pikel
  7240 | D:6      | Killed Pikel
  7438 | D:6      | Noticed Maggie
  7445 | D:6      | Killed Maggie
  7446 | D:6      | Reached skill level 8 in Short Blades
  7691 | D:7      | Found a sand-covered staircase.
  7697 | Ossuary  | Entered an ossuary
  8085 | D:7      | Reached skill level 5 in Hexes
  8085 | D:7      | Gained mutation: You sometimes gain a little power by
                  | taking damage. [demonic ancestry]
  8085 | D:7      | Reached XP level 10. HP: 66/66 MP: 11/14
  8223 | D:7      | Found a shimmering altar of Xom.
  9050 | D:7      | Reached skill level 9 in Short Blades
  9114 | D:7      | Reached skill level 5 in Stealth
  9202 | D:7      | Reached skill level 10 in Short Blades
  9372 | D:7      | Reached skill level 1 in Fighting
  9372 | D:7      | Reached skill level 1 in Evocations
  9435 | D:7      | Found a staircase to the Ecumenical Temple.
  9463 | Temple   | Entered the Ecumenical Temple
  9792 | Temple   | Became a worshipper of Nemelex Xobeh the Trickster
 10031 | D:8      | Noticed a gargoyle
 10036 | D:8      | Killed a gargoyle
 10281 | D:8      | Noticed Joseph
 10303 | D:8      | Killed Joseph
 10304 | D:8      | Reached XP level 11. HP: 65/75 MP: 9/16
 10414 | D:8      | Noticed Prince Ribbit
 10424 | D:8      | Killed Prince Ribbit
 10776 | D:8      | Found a staircase to the Lair.
 11213 | D:9      | Noticed Amaemon
 11218 | D:9      | Killed Amaemon
 11692 | D:9      | Found an opulent altar of Gozag.
 12085 | D:9      | Found Fomn's Changing Room.
 12097 | D:9      | Bought a potion of lignification for 39 gold pieces
 12201 | D:9      | Reached * piety under Nemelex Xobeh
 12242 | D:8      | Noticed Erica
 12248 | D:8      | Killed Erica
 12558 | D:10     | Entered Level 10 of the Dungeon
 12732 | D:10     | Received a gift from Nemelex Xobeh
 12743 | D:10     | Noticed a two-headed ogre
 12774 | D:10     | Killed a two-headed ogre
 13312 | D:10     | Reached ** piety under Nemelex Xobeh
 13614 | Lair:1   | Entered Level 1 of the Lair of Beasts
 13628 | Lair:1   | Reached skill level 5 in Evocations
 13732 | Lair:1   | Noticed Grum
 13749 | Lair:1   | Killed Grum
 13852 | Lair:1   | Gained mutation: You sometimes gain power by taking damage.
                  | [demonic ancestry]
 13852 | Lair:1   | Reached XP level 12. HP: 88/88 MP: 18/18
 14053 | Lair:1   | Reached skill level 5 in Fighting
 14053 | Lair:1   | Reached skill level 5 in Invocations
 14278 | Lair:1   | Received a gift from Nemelex Xobeh
 14313 | Lair:1   | Reached skill level 5 in Dodging
 14455 | Lair:1   | Noticed a four-headed hydra
 14470 | Lair:1   | Killed a four-headed hydra
 15138 | Lair:2   | Received a gift from Nemelex Xobeh
 15229 | Lair:2   | Found a hole to the Spider Nest.
 15243 | Lair:2   | Slain by a demonic crawler

Illustrated notes

Levels and vault maps discovered:
D:1:      scummos_arrival_hexagon, layout_basic, st_stairs_9
D:2:      layout_basic, hellmonk_ecumenical_altar_lost_god
D:3:      minmay_general_purpose_star, layout_loops_ring,
          kennysheep_vampire_church, ashenzari_altar_1, grunt_dithmenos_smoke,
          dk_noncrumbling_4, nicolae_goblin_pals, uniq_crazy_yiuf_cottage
D:4:      layout_gridville, elyvilon_altar_3, nicolae_overflow_crystal_walls,
          cheibrodos_sewer_entry_bend, minmay_pentomino_pile
D:5:      layout_basic, nzn_wu_jian_contemplation, minmay_fountain_box,
          grunt_ministairs_15, uniq_grinder, uniq_edmund, uniq_duvessa
D:6:      layout_gridville, zin_academy, uniq_pikel, uniq_sigmund, uniq_maggie
D:7:      cheibrodos_grave_circle, layout_basic, lemuel_crystal_altar,
          minmay_temple_entry_slanted, nicolae_ossuary_entry_ruins
D:8:      kennysheep_kobold_camp, layout_basic, due_lair_maze_entry_diamond,
          uniq_prince_ribbit1, uniq_erica, uniq_joseph
D:9:      layout_rooms, nicolae_gozag_seed_capital, nicolae_transmutations_shop,
          reono_crystal_passage, uniq_amaemon
D:10:     layout_loops_ring, minmay_diced_spiral
Temple:   oiseaux_autumnal_temple
Lair:1:   layout_roguey, serial_rivers, chequers_serial_rivers_large_b,
          chequers_serial_rivers_room_a, chequers_serial_rivers_small_b,
          chequers_serial_rivers_room_b, chequers_serial_rivers_micro_b,
          chequers_serial_rivers_micro_c, uniq_grum
Lair:2:   layout_regular_city, nicolae_spider_entry_non_spiders,
          infiniplex_staircase_pool_2, grunt_megastairs_3

Skill      XL: |  1  2  3  4  5  6  7  8  9 10 11 12 |
---------------+-------------------------------------+-----
Short Blades   | 1 2 3 4 6 8 10 | 10.0
Ice Magic      | 1 2 3 5 6 7 8 |  8.0
Spellcasting   | 3 4 |  4.0
Armour         | 2 4 |  4.0
Hexes          | 4 5 6 7 |  7.0
Transmutations | 4 |  4.0
Stealth        | 5 |  5.0
Dodging        | 2 4 5 |  5.0
Fighting       | 2 4 6 |  6.4
Evocations     | 2 5 |  5.0
Invocations    | 4 7 |  7.3

Action                     |  1- 3 |  4- 6 |  7- 9 | 10-12 || total
---------------------------+-------+-------+-------+-------++-------
  Melee: Dagger            |   189 |   123 |   340 |   397 ||  1049
         Tailslap          |       |    15 |    64 |   116 ||   195
         Punch             |       |     2 |     5 |    13 ||    20
         Short sword       |       |       |       |   189 ||   189
  Throw: Dart              |       |       |       |     1 ||     1
   Cast: Ensorcelled Hiber |     3 |     3 |     6 |    43 ||    55
         Freeze            |       |    20 |     4 |     5 ||    29
         Frozen Ramparts   |       |     6 |    37 |    31 ||    74
         Tukima's Dance    |       |       |     7 |    22 ||    29
         Confusing Touch   |       |       |     2 |     1 ||     3
         Wereblood         |       |       |     4 |    35 ||    39
  Evoke: Wand              |       |       |       |     5 ||     5
         Lightning rod     |       |       |       |     4 ||     4
    Use: Scroll            |       |     4 |       |     1 ||     5
         Potion            |       |       |       |     1 ||     1
   Stab: Sleeping          |     2 |     3 |     9 |    19 ||    33
         Paralysed         |     1 |    21 |    43 |    61 ||   126
         Distracted        |       |       |       |     1 ||     1
 Armour: Robe              |    24 |       |       |       ||    24
         Ring mail         |    46 |    58 |    69 |       ||   173
         Steam dragon scal |       |       |    23 |   208 ||   231
         Troll leather arm |       |       |       |    30 ||    30
  Dodge: Dodged            |   108 |    44 |    86 |   255 ||   493

Table legend: (Time is in decaauts)
 A = Elapsed time spent in this place.
 B = Non-inter-level travel time spent in this place.
 C = Inter-level travel time spent in this place.
 D = Time resting spent in this place.
 E = Time spent auto-exploring this place.
 F = Levels seen in this place.
 G = Mean time per level.
                   A        B        C        D        E       F      G
               +--------+--------+--------+--------+--------+-----+--------+
         Total |  14791 |  14308 |    483 |   3067 |   8133 |  15 |  986.1 |
       Dungeon |  12224 |  11854 |    370 |   2691 |   6516 |  10 | 1222.4 |
        Temple |    366 |    299 |     67 |      0 |    285 |   1 |  366.0 |
          Lair |   1622 |   1577 |     45 |    181 |   1156 |   2 |  811.0 |
         Sewer |    303 |    303 |      0 |    195 |     52 |   1 |  303.0 |
       Ossuary |    275 |    275 |      0 |      0 |    123 |   1 |  275.0 |
               +--------+--------+--------+--------+--------+-----+--------+

Top non-repeatable levels by time:
     D:8: 1853 daAuts
     D:6: 1829 daAuts
     D:5: 1796 daAuts
  Lair:1: 1342 daAuts
     D:4: 1225 daAuts
     D:7: 1136 daAuts
     D:1: 1011 daAuts
    D:10: 975 daAuts
     D:3: 923 daAuts
     D:2: 851 daAuts
     D:9: 621 daAuts
  Temple: 366 daAuts
   Sewer: 303 daAuts
  Lair:2: 280 daAuts
 Ossuary: 275 daAuts
